 Dungeon Crawl Stone Soup version 0.31-a0-1278-g11c5b68f87 (webtiles) character file.

Game seed: 12372831379158506001

1813 croobank the Sneak (level 8, 0/65 HPs)
             Began as a Demonspawn Delver on Dec 17, 2023.
             Was a Believer of Jiyva.
             Slain by a bullfrog (4 damage)
             ... on level 7 of the Dungeon.
             The game lasted 00:21:42 (4779 turns).

croobank the Sneak (Demonspawn Delver)              Turns: 4779, Time: 00:21:43

Health: 0/65       AC:  7    Str: 12    XL:     8   Next: 84%
Magic:  8/8        EV: 14    Int: 12    God:    Jiyva [**....]
Gold:   122        SH:  0    Dex: 16    Spells: 7/7 levels left

rFire   + . .        e - +2 dagger (speed)
rCold   . . .        (no shield)
rNeg    . . .        b - +0 leather armour
rPois   +            (no helmet)
rElec   .            (no cloak)
rCorr   +            l - +2 pair of gloves
SInv    .            z - +0 pair of boots
Will    .....        (no amulet)
Stlth   +++          w - ring "Magobb" {rPois rF+}
HPRegen 1.26/turn    (no ring)
MPRegen 0.59/turn

%: no passive effects
@: no status effects
A: claws 2, hooves 1, powered by death 1, weakness stinger 1
a: Renounce Religion


You were on level 7 of the Dungeon.
You worshipped Jiyva.
Jiyva was pleased with you.
You visited 1 branch of the dungeon, and saw 8 of its levels.

You collected 293 gold pieces.
You spent 171 gold pieces at shops.

Inventory:

Hand Weapons
 a - a +0 short sword
 e - a +2 dagger of speed (weapon)
 i - a +0 long sword
 q - a +0 war axe
 y - a +0 trident
 C - a +0 orcbow
 G - a +2 dagger of venom
Missiles
 k - 4 poisoned darts
 r - 3 boomerangs
 t - 3 javelins (quivered)
Armour
 b - a +0 leather armour (worn)
 l - a +2 pair of gloves (worn)
 z - a +0 pair of boots (worn)
Magical Staves
 F - a staff of death
Jewellery
 w - the ring "Magobb" (left hand) {rPois rF+}
   (You bought it in a shop on level 4 of the Dungeon)

   [ring of poison resistance]

   rF+:       It protects you from fire.
   rPois:     It protects you from poison
 D - a ring of fire
Talismans
 v - a maw talisman
Wands
 g - a wand of digging (3)
Scrolls
 c - a scroll of fog
 o - 2 scrolls of enchant armour {unknown}
 p - a scroll of blinking {unknown}
 s - a scroll of vulnerability {unknown}
 A - a scroll of poison {unknown}
Potions
 m - 3 potions of brilliance
 u - a potion of enlightenment
 B - a potion of degeneration


   Skills:
 + Level 6.5 Fighting
 + Level 5.4 Short Blades
 + Level 5.4 Dodging
 + Level 7.3 Stealth


You had 7 spell levels left.
You didn't know any spells.
Your spell library was empty.

Dungeon Overview and Level Annotations

Branches:
Dungeon (8/15)             Temple (0/1) D:5
   Lair: D:8-11

Altars:
Cheibriados
Fedhas
Kikubaaqudgha
Nemelex Xobeh
Jiyva

Shops:
D:4 :*[   D:5 [[[

Annotations:
D:6 Maggie


Innate Abilities, Weirdness & Mutations

You have very sharp fingernails.
You have large cloven feet.
You regenerate a little health from kills.
You have a small tail.


Message History

Found 8 gold pieces and a book of Flames.
A wight comes into view. It is wielding a +5 battleaxe.
You see here a potion of cancellation.
A wyvern comes into view.
A gnoll sergeant and a wraith come into view.
The gnoll sergeant is wielding a +0 trident and wearing a +1 plate armour of willpower.
Found a masterwork cloak.
Something hits you but does no damage.
Deactivating autopickup; reactivate with Ctrl-A.
The wight attacks as it pursues you! The wight misses you.
The gnoll sergeant moves out of view.
A wight comes into view. It is wielding a +0 dagger.
Found a potion of attraction and a book of Cantrips.
Something hits you!
* * * LOW HITPOINT WARNING * * *
The wight attacks as it pursues you! The wight hits you with a +5 battleaxe.
* * * LOW HITPOINT WARNING * * *
As you read the scroll of teleportation, it crumbles to dust.
You feel strangely unstable.
The gnoll sergeant shouts!
A wight comes into view. It is wielding a +3 halberd.
A sleepcap comes into view.
A troll comes into view.
Found a spear.
Something hits you.
* * * LOW HITPOINT WARNING * * *
The wight attacks as it pursues you! The wight closely misses you.
Something hits you but does no damage.
Okay, then.
You hit the sleepcap but do no damage. Something hits you but does no damage.
Something hits you!
* * * LOW HITPOINT WARNING * * *
The sleepcap releases spores at you.
* * * LOW HITPOINT WARNING * * *
You hit the sleepcap. You tail-slap the sleepcap.
The sleepcap is lightly damaged.
Okay, then.
Okay, then.
As you read the scroll of fog, it dissolves into smoke.
Your surroundings suddenly seem different.
The bullfrog hits you.
You die...

...###.#####.#*,,#...........#>..
.####.#.....#.##.##.........###..
.z!#.#..###..#.#.###...#....###..
##.#.#.#...#,#.#.###........J#...
.#...#.#.#.#,*...............J)..
...#.#.#...#,*,#...........##.##.
...#.#..###..#.#......#....##.##.
.####.#.F...#.##F.....#..###).#..
....##.#####.##.@.....####.......
#....##.Y...##....#...# ###.....
#.....###.###..##.....# ##....
.......[......##.....## ##...
#...(...#....#####..## *,..#
####..####..## #...# **..#
##..,...## #...# *### ##....##
#..## ##.#.* ####


You could see a bullfrog.

Vanquished Creatures
  Grinder (D:3)
  Prince Ribbit (D:6)
  Sigmund (D:2)
  A shadow (D:7)
  A steam dragon (D:8)
  A yak (D:8)
  A centaur (D:6)
  2 bullfrogs
  2 gnoll sergeants
  4 orc priests
  2 hounds
  2 sleepcaps (D:4)
  An iguana (D:5)
  2 orc wizards
  8 gnolls
  5 adders
  3 white imps
  2 ufetubi
  2 worms (D:3)
  A dart slug (D:4)
  17 orcs
  9 bats
  4 endoplasms
  5 giant cockroaches
  2 goblins
  7 hobgoblins
  6 kobolds
  5 quokkas
  10 ball pythons
  4 frilled lizards
  7 rats
119 creatures vanquished.

Vanquished Creatures (others)
  A slime creature (D:7)
  A bullfrog (D:7)
  10 jellies
  A howler monkey (D:7)
  A hound (D:5)
  An orc wizard (D:4)
  3 gnolls
  An ufetubus (D:7)
  A worm (D:4)
  4 orcs (D:4)
  A goblin (D:4)
  A quokka (D:5)
  A ball python (D:4)
27 creatures vanquished.

Grand Total: 146 creatures vanquished

Notes
Turn   | Place    | Note
-------+----------+-------------------------------------------
     0 | D:5      | croobank the Demonspawn Delver began the quest for the Orb.
     0 | D:5      | Reached XP level 1. HP: 18/18 MP: 1/1
   295 | D:3      | Discovered your monstrous ancestry.
   295 | D:3      | Gained mutation: You have a small tail. [demonic ancestry]
   295 | D:3      | Reached XP level 2. HP: 22/24 MP: 2/2
   712 | D:2      | Gained mutation: You have large cloven feet. [demonic
                  | ancestry]
   712 | D:2      | Reached XP level 3. HP: 29/29 MP: 3/3
  1614 | D:2      | Noticed Sigmund
  1733 | D:3      | Gained mutation: You have sharp fingernails. [demonic
                  | ancestry]
  1733 | D:3      | Reached XP level 4. HP: 36/36 MP: 4/4
  1896 | D:3      | Reached skill level 5 in Stealth
  1936 | D:3      | Noticed Grinder
  1960 | D:3      | Killed Grinder
  1961 | D:3      | Gained mutation: You have very sharp fingernails. [demonic
                  | ancestry]
  1961 | D:3      | Reached XP level 5. HP: 3/42 MP: 5/5
  1961 | D:3      | Reached XP level 6. HP: 4/48 MP: 6/6
  2153 | D:3      | Found a blossoming altar of Fedhas.
  2186 | D:3      | Found a faded altar of an unknown god.
  2274 | D:3      | Found an ancient bone altar of Kikubaaqudgha.
  2279 | D:3      | Prayed at the altar of an unknown god.
  2279 | D:3      | Became a worshipper of Jiyva Jiloklim the Shapeless
  2279 | D:3      | Reached * piety under Jiyva
  2464 | D:4      | Found Cudauf's Armour Boutique.
  2464 | D:4      | Found Ugepn's Assorted Antiques.
  2464 | D:4      | Found Runiwnos's Book Boutique.
  2470 | D:4      | Bought a coiled iron ring for 145 gold pieces
  2470 | D:4      | Identified the ring "Magobb" {rPois rF+} (You bought it in
                  | a shop on level 4 of the Dungeon)
  2471 | D:4      | Bought a bubbling coppery potion for 26 gold pieces
  2992 | D:5      | Found Soromuaf's Antique Armour Emporium.
  3006 | D:5      | Reached ** piety under Jiyva
  3048 | D:5      | Found Ked Somadu's Armour Emporium.
  3110 | D:5      | Found Hoqeton's Antique Armour Shoppe.
  3173 | D:5      | Found a sparkling altar of Nemelex Xobeh.
  3226 | D:5      | Found a snail-covered altar of Cheibriados.
  3664 | D:5      | Reached XP level 7. HP: 41/55 MP: 7/7
  3691 | D:5      | Found a staircase to the Ecumenical Temple.
  3873 | D:2      | Killed Sigmund
  3874 | D:2      | Reached skill level 5 in Fighting
  3874 | D:2      | Reached skill level 6 in Stealth
  3908 | D:2      | Reached *** piety under Jiyva
  4276 | D:6      | Noticed Prince Ribbit
  4285 | D:6      | Killed Prince Ribbit
  4286 | D:6      | Gained mutation: You regenerate a little health from kills.
                  | [demonic ancestry]
  4286 | D:6      | Reached XP level 8. HP: 63/63 MP: 6/8
  4416 | D:6      | Noticed Maggie
  4472 | D:8      | Reached skill level 5 in Short Blades
  4472 | D:8      | Reached skill level 5 in Dodging
  4506 | D:8      | Reached skill level 7 in Stealth
  4529 | D:7      | Killed a slime creature
  4755 | D:7      | HP: 2/65 [bullfrog (7)]
  4775 | D:7      | Noticed a troll
  4777 | D:7      | HP: 2/65 [sleepcap (4)]
  4779 | D:7      | Slain by a bullfrog

Illustrated notes

Levels and vault maps discovered:
D:1:      lightli_arrival_noodles, layout_basic,
          hangedman_abyss_or_decor_lesser_grid
D:2:      layout_loops_ring, uniq_sigmund
D:3:      kb_forest_paths, layout_basic, fedhas_altar_1,
          nicolae_overflow_ecumenical_swirl,
          nicolae_concentric_dashed_squares_wild, uniq_grinder
D:4:      layout_cave_pools, lemuel_coloured_pillars_altar,
          hangedman_abyss_or_decor_slice, nicolae_wooded_promenade
D:5:      layout_rooms, cheibriados_altar_1, nemelex_altar_shiori, temple_hall,
          serial_shops, kennysheep_little_box, nicolae_shop_hallway_plus,
          nicolae_shop_hallway_stairs, chequers_serial_rivers_micro_b
D:6:      layout_loops_ring, mainiacjoe_overflow_paths, lightli_orcish_oven,
          uniq_pikel, uniq_prince_ribbit1, uniq_maggie
D:7:      minmay_the_grid_octo_tiled_octocenter
          [minmay_the_grid_octo_concentric, minmay_the_grid_octo_focus,
          minmay_the_grid_octo_shrine, minmay_the_grid_octo_chip,
          minmay_the_grid_octo_prize_big_c, minmay_the_grid_square_5x5_inset,
          minmay_the_grid_square_5x5_hollow_slash,
          minmay_the_grid_square_5x5_minimal,
          minmay_the_grid_square_5x5_n_small], layout_cave_pools,
          mainiacjoe_overflow_brackets, general_overflow_altar
D:8:      layout_rooms, lemuel_tele_altar, david_lair_shrubbed,
          ploomutoo_gammafunk_ghost_potion_laboratory, special_room
          [special_room_orc], kennysheep_generic_room_9

Skill      XL: |  1  2  3  4  5  6  7  8 |
---------------+-------------------------+-----
Short Blades   | 2 3 4 5 |  5.4
Dodging        | 2 3 4 5 |  5.4
Stealth        | 5 6 7 |  7.3
Fighting       | 4 5 6 |  6.5

Action                     |  1- 3 |  4- 6 |  7- 9 || total
---------------------------+-------+-------+-------++-------
  Melee: Short sword       |   107 |       |       ||   107
         Punch             |     1 |     2 |     5 ||     8
         Tailslap          |     7 |    26 |    31 ||    64
         Kick              |    16 |    67 |     7 ||    90
         Dagger            |     3 |   203 |   242 ||   448
  Throw: Dart              |       |     8 |       ||     8
         Javelin           |       |     6 |     3 ||     9
 Invoke: Oozemancy         |       |       |     3 ||     3
  Evoke: Wand              |       |       |     4 ||     4
    Use: Scroll            |     1 |     7 |     5 ||    13
         Potion            |       |       |     5 ||     5
   Stab: Sleeping          |    19 |     9 |     1 ||    29
         Distracted        |     1 |       |       ||     1
 Armour: Leather armour    |    48 |    84 |   102 ||   234
  Dodge: Dodged            |    53 |    58 |    96 ||   207

Table legend: (Time is in decaauts)
 A = Elapsed time spent in this place.
 B = Non-inter-level travel time spent in this place.
 C = Inter-level travel time spent in this place.
 D = Time resting spent in this place.
 E = Time spent auto-exploring this place.
 F = Levels seen in this place.
 G = Mean time per level.
                   A        B        C        D        E       F      G
               +--------+--------+--------+--------+--------+-----+--------+
         Total |   4564 |   4347 |    217 |    275 |   2571 |   8 |  570.5 |
       Dungeon |   4564 |   4347 |    217 |    275 |   2571 |   8 |  570.5 |
               +--------+--------+--------+--------+--------+-----+--------+

Top non-repeatable levels by time:
     D:3: 1066 daAuts
     D:1: 814 daAuts
     D:5: 767 daAuts
     D:2: 692 daAuts
     D:4: 681 daAuts
     D:6: 263 daAuts
     D:7: 211 daAuts
     D:8: 67 daAuts
